 Dungeon Crawl Stone Soup version 0.27-a0-797-g27d10ad80f (webtiles) character file.

Game seed: 4506818976217847735

240 polve the Slasher (level 5, -5/41 HPs)
             Began as a Demonspawn Abyssal Knight on Mar 27, 2021.
             Was a Believer of Lugonu.
             Killed by divine providence
             ... invoked by an orc priest
              (14 damage)
             ... on level 4 of the Dungeon.
             The game lasted 00:03:41 (4675 turns).

polve the Slasher (Demonspawn Abyssal Knight)       Turns: 4675, Time: 00:03:41

Health: -5/41      AC:  8    Str: 12    XL:     5   Next: 79%
Magic:  9/9        EV: 14    Int: 14    God:    Lugonu [**....]
Gold:   189        SH:  0    Dex: 13    Spells: 8/9 levels left

rFire    . . .     SeeInvis .   s - +0 falchion (flame)
rCold    + . .     Faith    .   (no shield)
rNeg     . . .     Spirit   .   t - +0 ring mail
rPois    .         Reflect  .   (helmet restricted)
rElec    .         Harm     .   f - scarf {shadows}
rCorr    .         Rampage  .   (no gloves)
Will     .....                  (no boots)
Stlth    ..........             (no amulet)
HPRegen  0.13/turn              d - +4 ring of evasion
MPRegen  0.11/turn              n - ring of protection from cold

@: confused
A: horns 2, yellow scales 2
a: Renounce Religion, Depart the Abyss, Bend Space


You were on level 4 of the Dungeon.
You worshipped Lugonu.
Lugonu was pleased with you.
You visited 1 branch of the dungeon, and saw 4 of its levels.
You visited the Abyss 1 time.

You collected 189 gold pieces.

Inventory:

Hand Weapons
 a - a +1 falchion
 j - a +0 longbow
 s - a +0 falchion of flaming (weapon)
Missiles
 c - a throwing net (quivered)
 k - 68 arrows
Armour
 b - a +0 leather armour
 f - a scarf of shadows (worn)
 t - a +0 ring mail (worn)
Jewellery
 d - a +4 ring of evasion (left hand)
 n - a ring of protection from cold (right hand)
 o - a ring of protection from fire
Wands
 m - a wand of random effects (15)
Scrolls
 e - a scroll of summoning {unknown}
 l - a scroll of noise {unknown}
 q - a scroll of magic mapping {unknown}
 u - 2 scrolls of enchant armour {unknown}
 x - 2 scrolls of acquirement {unknown}
 y - a scroll of amnesia {unknown}
 z - 4 scrolls of identify {unknown}
 C - a scroll of brand weapon {unknown}
 D - a scroll of holy word {unknown}
Potions
 g - 2 potions of attraction {unknown}
 h - 2 potions of curing
 i - a potion of heal wounds
 p - a potion of brilliance {unknown}
 r - a potion of cancellation {unknown}
 v - a potion of flight {unknown}
 w - 2 potions of invisibility {unknown}
 A - a potion of haste {unknown}
 B - a potion of ambrosia {unknown}


   Skills:
 - Level 3.0 Fighting
 - Level 3.7 Long Blades
 - Level 1.7 Armour
 - Level 0.8 Dodging
 + Level 2.7 Spellcasting
 + Level 2.8 Hexes
 - Level 2.4 Invocations


You had 8 spell levels left.
You knew the following spells:

 Your Spells              Type           Power      Damage    Failure   Level
a - Corona                Hex            11%        N/A       16%         1

Your spell library contained the following spells:

 Spells                   Type           Power      Damage    Failure   Level
 Animate Skeleton         Necr           2%         N/A       43%         1
 Apportation              Tloc           2%         N/A       43%         1
 Summon Small Mammal      Summ           4%         N/A       43%         1


Dungeon Overview and Level Annotations

Branches:
Dungeon (4/15)
 Temple: D:4-7

Altars:
Hepliaklqana
Okawaru
Ru
Vehumet
Xom


Innate Abilities, Weirdness & Mutations

You have a pair of horns on your head.
You are mostly covered in yellow scales. (AC +3)


Message History

The orc wizard points at you and mumbles some strange words.
You are more confused.
You completely miss the orc wizard.
* * * LOW HITPOINT WARNING * * *
You feel extremely sick. The scorpion closely misses you.
The orc wizard casts a spell at itself.
The orc wizard flickers and vanishes!
The scorpion closely misses you.
You feel much better.
You feel sick. Something hits you but does no damage.
You hear some strange, mumbled words.
A puff of flame appears from out of thin air!
The puff of flame hits you.
The orc priest calls down the wrath of Beogh upon you.
Beogh smites you! The orc hits you with a +0 club. The scorpion stings you.
The orc wizard shouts!
You feel sick. Something hits you.
The orc priest looks encouraged for a moment.
The scorpion misses you.
It was a potion of curing.
You feel better.
You hear some strange, mumbled words.
A magic dart appears from out of thin air!
The magic dart hits you but does no damage.
You hear some strange, mumbled words.
A puff of flame appears from out of thin air!
The puff of flame hits you! Something hits you but does no damage.
The scorpion barely misses you.
You hear some strange, mumbled words.
A puff of flame appears from out of thin air!
The puff of flame hits you!
* * * LOW HITPOINT WARNING * * *
The orc wizard points at itself and mumbles some strange words.
The orc wizard flickers and vanishes!
You hear some strange, mumbled words.
You are confused.
You hear some strange, mumbled words.
A puff of flame appears from out of thin air!
The puff of flame misses you.
The orc priest invokes the aid of Beogh against you.
Beogh smites you!
You die...

..##.. #...#...#..#.
.....#..# ###....#.#.....
........# ##.......#......
........# ##...............
....[...####................
oo.....oo##..............#..
.......o{##..............#..
.....)..{.#.............###.
#.....##..s@.>..........# ##
##.... ###..............# .
##... #.............## ####
#.............#
#.............#
.............## #..
#............# ##..
............## #...
............# #...


You could see a scorpion, an orc priest and an orc.

Vanquished Creatures
  A bullfrog zombie (D:4)
  A jelly (D:4)
  2 orc wizards
  A hound skeleton (D:4)
  2 adders
  5 worms
  2 dart slugs (D:1)
  8 orcs
  3 endoplasms
  6 giant cockroaches
  4 goblins
  4 hobgoblins
  3 jackals
  5 quokkas
  5 ball pythons
  7 bats
  2 frilled lizards
  5 kobolds
  6 rats
72 creatures vanquished.

Notes
Turn   | Place    | Note
-------+----------+-------------------------------------------
     0 | Abyss:1  | polve the Demonspawn Abyssal Knight began the quest for the
                  | Orb.
     0 | Abyss:1  | Reached XP level 1. HP: 18/18 MP: 2/2
     7 | Abyss:1  | Found a corrupted altar of Lugonu.
    19 | Abyss:2  | Noticed an earth elemental
    56 | Abyss:2  | Noticed a sun demon
    62 | D:1      | Escaped the Abyss
   278 | D:1      | Gained mutation: You have a pair of small horns on your
                  | head. [demonic ancestry]
   278 | D:1      | Reached XP level 2. HP: 19/24 MP: 3/3
   476 | D:1      | Reached * piety under Lugonu
  1611 | D:2      | Gained mutation: You have a pair of horns on your head.
                  | [demonic ancestry]
  1611 | D:2      | Reached XP level 3. HP: 29/29 MP: 4/4
  2241 | D:2      | Learned a level 1 spell: Corona
  2519 | D:2      | Found a radiant altar of Vehumet.
  2863 | D:3      | Found a shimmering altar of Xom.
  2865 | D:3      | Found a shimmering altar of Xom.
  2866 | D:3      | Found a shimmering altar of Xom.
  2866 | D:3      | Found a shimmering altar of Xom.
  2872 | D:3      | Found a shimmering altar of Xom.
  2873 | D:3      | Found a shimmering altar of Xom.
  2875 | D:3      | Found a shimmering altar of Xom.
  3192 | D:3      | Gained mutation: You are partially covered in yellow
                  | scales. (AC +2) [demonic ancestry]
  3192 | D:3      | Reached XP level 4. HP: 31/35 MP: 5/5
  3364 | D:3      | Reached ** piety under Lugonu
  3365 | D:3      | Reached skill level 1 in Spellcasting
  3365 | D:3      | Reached skill level 1 in Hexes
  3711 | D:3      | Found a hazy altar of Hepliaklqana.
  3776 | D:4      | Gained mutation: You are mostly covered in yellow scales.
                  | (AC +3) [demonic ancestry]
  3776 | D:4      | Reached XP level 5. HP: 41/41 MP: 6/8
  3880 | D:4      | Found a sacrificial altar of Ru.
  3944 | D:4      | Found an iron altar of Okawaru.
  4675 | D:4      | Killed from afar by an orc priest

Illustrated notes

Levels and vault maps discovered:
D:1:      minmay_arrival_five_plusses, layout_basic, minmay_bisected
D:2:      kennysheep_six_static_rooms, layout_basic, fiery_altar_vehumet,
          minmay_pentomino_t4
D:3:      layout_basic, nicolae_hepliaklqana_hippocampus,
          nicolae_xom_altar_mimics
D:4:      layout_cave_pods, okawaru_ov_weapons_minmay, nicolae_ru_awakened_eye

Skill      XL: |  1  2  3  4 |
---------------+-------------+-----
Long Blades    | 2 3 |  3.7
Spellcasting   | 2 |  2.7
Hexes          | 2 |  2.8
Fighting       | |  3.0
Armour         | |  1.7
Dodging        | |  0.8
Invocations    | |  2.4

Action                   |  1- 3 |  4- 6 || total
-------------------------+-------+-------++-------
Melee: Falchion          |   112 |    77 ||   189
       Headbutt          |    16 |    18 ||    34
 Cast: Corona            |       |     1 ||     1
Invok: Depart the Abyss  |     1 |       ||     1
  Use: Potion            |       |     2 ||     2
 Stab: Sleeping          |     1 |       ||     1
Armor: Leather armour    |    37 |       ||    37
       Ring mail         |       |    28 ||    28
Dodge: Dodged            |    67 |    61 ||   128
       Rpst.: Falchion   |    24 |    17 ||    41

Table legend: (Time is in decaauts)
 A = Elapsed time spent in this place.
 B = Non-inter-level travel time spent in this place.
 C = Inter-level travel time spent in this place.
 D = Time resting spent in this place.
 E = Time spent auto-exploring this place.
 F = Levels seen in this place.
 G = Mean time per level.
                   A        B        C        D        E       F      G
               +--------+--------+--------+--------+--------+-----+--------+
         Total |   4698 |   4518 |    180 |      0 |   3970 |   6 |  783.0 |
       Dungeon |   4635 |   4455 |    180 |      0 |   3937 |   4 | 1158.8 |
         Abyss |     63 |     63 |      0 |      0 |     33 |   2 |   31.5 |
               +--------+--------+--------+--------+--------+-----+--------+

Top non-repeatable levels by time:
     D:1: 1539 daAuts
     D:2: 1270 daAuts
     D:4: 929 daAuts
     D:3: 896 daAuts
 Abyss:2: 50 daAuts
 Abyss:1: 13 daAuts
